AoeStats
← uDORRI

Arabia

507654514Analyzed
2v2 RM · 14d ago on Sep 19, 2026· 37m 2s· 4 players
Game mode
Random Map
Map size
Medium (4 player)
Population
200
Speed
Normal
Resources
Standard
Victory
Conquest
Starting age
Dark Age
Ending age
Imperial Age
RankedLock teamsTeams togetherTeam positionsShared explorationLock speedFull tech treeHidden civsTurbo modeCheats
Victory
Defeat
🇺🇸 Franks · United States
643
+17
🇺🇸 Khmer · United States
612
+18
🇺🇸 Spanish · United States
679
-18
🇺🇸 Portuguese · United States
651
-17
glut
9:00 Loom
10:46 Feudal Age
14:27 Castle Age
12:44 Double-Bit Axe
15:34 Scale Barding Armor
31:59 Bloodlines
33:52 Ballistics
33:31 Fletching
33:46 Crossbowman
lemissile93
8:03 Loom
10:11 Feudal Age
11:50 Double-Bit Axe
29:48 Castle Age
uDORRI
10:15 Feudal Age
11:21 Double-Bit Axe
11:19 Horse Collar
12:07 Man-at-Arms
28:17 Castle Age
Charmanarnar
14:26 Feudal Age
16:45 Man-at-Arms
19:47 Wheelbarrow
24:26 Loom
24:32 Loom
26:29 Scale Mail Armor
Connection lost

Rejoining the realm…

Still unreachable

The connection could not be restored.

Session expired

The server has moved on; the page needs a fresh start.